 Dungeon Crawl Stone Soup version 0.31-a0-1405-g2bb1a01664 (console) character file.

Game seed: 455783672144299641

1884 asdu the Cleaver (level 9, 72/72 HPs)
             Began as a Human Berserker on Dec 26, 2023.
             Was a Priest of Trog.
             Quit the game on level 7 of the Dungeon.
             The game lasted 00:15:16 (4979 turns).

asdu the Cleaver (Human Berserker)                  Turns: 4979, Time: 00:15:17

Health: 72/72      AC: 10    Str: 21    XL:     9   Next: 14%
Magic:  9/9        EV:  6    Int:  9    God:    Trog [***...]
Gold:   420        SH:  0    Dex: 12    Spells: 8/8 levels left

rFire   . . .        w - +2 hand axe (elec)
rCold   . . .        (no shield)
rNeg    . . .        B - +0 plate armour
rPois   .            (no helmet)
rElec   .            (no cloak)
rCorr   .            (no gloves)
SInv    .            (no boots)
Will    .....        (no amulet) Stlth
                     (no ring)
HPRegen 0.32/turn    (no ring)
MPRegen 0.11/turn

%: no passive effects
@: no status effects
A: explore regen
a: Renounce Religion, Berserk, Trog's Hand


You were on level 7 of the Dungeon.
You worshipped Trog.
Trog was most pleased with you.
You visited 2 branches of the dungeon, and saw 8 of its levels.

You collected 420 gold pieces.

Inventory:

Hand Weapons
 a - a +0 hand axe
 q - a +0 war axe
 r - a +0 flail
 s - the +5 quarterstaff "Mycoel" {drain, rPois rN+ Will+}
   (You took it off a kobold on level 4 of the Dungeon)

   rPois:     It protects you from poison rN+: It protects you from negative
   energy.
   Will+:     It increases your willpower.
 w - a +2 hand axe of electrocution (weapon)
Missiles
 c - 14 poisoned darts
 f - 79 stones
 o - 6 boomerangs
Armour
 b - a +0 animal skin
 l - a +0 ring mail
 p - a +0 scale mail
 B - a +0 plate armour (worn)
Jewellery
 x - a ring of fire
 y - a ring of magical power
 D - a ring of magical power
Wands
 E - a wand of quicksilver (10)
Scrolls
 d - 3 scrolls of noise {unknown}
 e - 2 scrolls of enchant weapon {unknown}
 g - 2 scrolls of revelation {unknown}
 i - 3 scrolls of identify {unknown}
 j - 2 scrolls of immolation {unknown}
 t - 2 scrolls of teleportation {unknown}
 u - a scroll of enchant armour {unknown}
 v - a scroll of vulnerability {unknown}
 F - a scroll of fog {unknown}
Potions
 h - 2 potions of magic {unknown}
 k - 2 potions of curing {unknown}
 m - 2 potions of brilliance
 n - 2 potions of haste
 z - a potion of degeneration {unknown}
 A - a potion of might {unknown}
 C - 3 potions of lignification {unknown}


   Skills:
 + Level 7.3 Fighting
 * Level 10.0 Axes
 - Level 2.0 Armour
 - Level 2.0 Dodging


You had 8 spell levels left.
You didn't know any spells.
Your spell library was empty.

Dungeon Overview and Level Annotations

Branches:
Dungeon (7/15)             Temple (1/1) D:5

Altars:
Cheibriados
Elyvilon
Fedhas
Gozag
Kikubaaqudgha
Makhleb
Qazlal
Ru
Trog
Wu Jian
Xom
Yredelemnul
Zin
The Shining One

Shops:
D:1 [=

Annotations:
Temple 2 transporters


Innate Abilities, Weirdness & Mutations

You regain HP and MP as you explore.


Message History

You now have 420 gold pieces (gained 3).
f - 74 stones (gained 3)
You open the door.
There is an open door here.
There is a basalt altar of Yredelemnul here.
There is a stone staircase leading down here.
You climb downwards.
You feel a little less clever now.
The iguana hisses angrily.
There is a stone staircase leading up here.
You closely miss the iguana. You hit the iguana.
The iguana is moderately wounded.
The iguana barely misses you.
You hit the iguana.
The iguana is severely wounded.
The iguana bites you but does no damage.
You closely miss the iguana.
The iguana is severely wounded.
The iguana barely misses you.
You hit the iguana but do no damage.
The iguana is severely wounded.
The iguana bites you!
You hit the iguana.
The iguana is almost dead.
You hit the iguana but do no damage. Lightning courses through the iguana!
You kill the iguana!
Trog accepts your kill.
Your Axes skill increases to level 10!
Found 5 stones.
f - 79 stones (gained 5) HP restored.
You can't go up here!
There is a stone staircase leading up, spattered with blood here.
You climb upwards.
There is a stone staircase leading down here.
There is a stone staircase leading down here.
You climb downwards.
There is a stone staircase leading up here.
Are you sure you want to abandon this character and quit the game? (Confirm with "yes".)

#.. #.#
#.# #.#
#.# #.#
#.# #@#
### .# .#
.. .# .. .
.# .# . .#
.#.#
.##.#.#
......
.##.#.##..


There were no monsters in sight!

Vanquished Creatures
  A black bear (D:5)
  2 orc warriors
  An ice beast (D:6)
  An elephant zombie (D:6)
  A centaur (D:6)
  2 phantoms
  An elf zombie (D:6)
  A scorpion (D:5)
  A howler monkey (D:6)
  2 centaur zombies (D:6)
  2 bombardier beetles
  3 hounds
  3 orc priests
  A gnoll bouda (D:5)
  4 iguanas
  A sleepcap (D:6)
  4 orc wizards (D:6)
  3 scorpion zombies (D:6)
  A killer bee zombie (D:6)
  An ogre zombie (D:6)
  4 hound zombies (D:6)
  A howler monkey zombie (D:6)
  10 gnolls
  7 adders
  A shadow imp (D:5)
  A white imp (D:5)
  An adder zombie (D:6)
  2 worms
  5 dart slugs
  25 orcs
  5 ball pythons (D:3)
  3 bats
  8 endoplasms
  3 goblins
  4 hobgoblins
  2 jackals (D:1)
  4 frilled lizards
  5 kobolds
  8 rats
135 creatures vanquished.

Notes
Turn   | Place    | Note
-------+----------+-------------------------------------------
     0 | D:1      | asdu the Human Berserker began the quest for the Orb.
     0 | D:1      | Reached XP level 1. HP: 18/18 MP: 1/1
    48 | D:1      | Found Hewein's Jewellery Shop.
   112 | D:1      | Reached XP level 2. HP: 19/24 MP: 2/2
   275 | D:1      | Found Qilun's Armour Emporium.
   276 | D:1      | Noticed an animated pearl dragon scales
   276 | D:1      | Noticed an animated shadow dragon scales
   843 | D:2      | Reached XP level 3. HP: 16/29 MP: 3/3
   965 | D:2      | Reached ** piety under Trog
  1206 | D:3      | Reached skill level 4 in Axes
  1208 | D:3      | Found a stormy altar of Qazlal.
  1296 | D:3      | Found a burning altar of Makhleb.
  1358 | D:3      | Found an opulent altar of Gozag.
  1385 | D:3      | Reached XP level 4. HP: 33/36 MP: 4/4
  1436 | D:3      | Found an ornate altar of the Wu Jian Council.
  2017 | D:4      | Reached XP level 5. HP: 42/42 MP: 5/5
  2114 | D:4      | Identified the +5 quarterstaff "Mycoel" {drain, rPois rN+
                  | Will+}
  2168 | D:4      | Reached skill level 5 in Axes
  2183 | D:4      | You fall into a shaft and drop 1 floor!
  2183 | D:5      | Entered Level 5 of the Dungeon
  2186 | D:5      | Found a staircase to the Ecumenical Temple.
  2205 | Temple   | Found a transporter.
  2205 | Temple   | Found a transporter.
  2205 | Temple   | Found a transporter.
  2205 | Temple   | Found a transporter.
  2205 | Temple   | Entered the Ecumenical Temple
  2245 | D:5      | Noticed a phantom
  2250 | D:5      | Reached XP level 6. HP: 45/49 MP: 6/6
  2270 | D:5      | Reached skill level 6 in Axes
  2313 | D:5      | Reached *** piety under Trog
  2364 | D:5      | Noticed a black bear
  2373 | D:5      | Killed a black bear
  2374 | D:5      | Reached skill level 5 in Fighting
  2374 | D:5      | Reached XP level 7. HP: 56/56 MP: 7/7
  2807 | D:4      | Reached skill level 7 in Axes
  4180 | D:6      | Found a white marble altar of Elyvilon.
  4229 | D:6      | Reached XP level 8. HP: 56/64 MP: 8/8
  4251 | D:6      | Reached skill level 8 in Axes
  4544 | D:6      | Found a basalt altar of Yredelemnul.
  4608 | D:6      | Reached skill level 9 in Axes
  4831 | D:6      | Reached XP level 9. HP: 72/72 MP: 9/9
  4940 | D:7      | Reached skill level 10 in Axes
  4979 | D:7      | Quit the game

Illustrated notes

Levels and vault maps discovered:
D:1:      eino_arrival_druids_welcome, layout_basic, serial_shops,
          nicolae_shop_mannequins, shop
D:2:      layout_rooms, chequers_garden
D:3:      layout_basic, mainiacjoe_overflow_six_doors_small,
          mainiacjoe_overflow_catwalk, nicolae_qazlal_scattered_showers,
          lemuel_tele_altar
D:4:      layout_layer_cave
D:5:      layout_basic, minmay_temple_entry_junction_2, minmay_checkerbox
D:6:      layout_rooms, mainiacjoe_overflow_surrounded_room,
          roadster_capsule_ark_zombie
D:7:      layout_basic
Temple:   hellmonk_temple_divided_pantheon

Skill      XL: |  1  2  3  4  5  6  7  8  9 |
---------------+----------------------------+-----
Axes           | 4 5 6 7 9 10 | 10.0
Fighting       | 4 5 7 |  7.3
Armour         | |  2.0
Dodging        | |  2.0

Action                     |  1- 3 |  4- 6 |  7- 9 || total
---------------------------+-------+-------+-------++-------
  Melee: Hand axe          |   116 |       |   228 ||   344
         Punch             |     1 |       |     1 ||     2
         War axe           |     8 |    41 |       ||    49
         Quarterstaff      |       |    47 |     4 ||    51
 Invoke: Berserk           |       |     2 |     4 ||     6
         Trog's Hand       |       |       |     2 ||     2
    Use: Potion            |       |       |     2 ||     2
 Armour: Animal skin       |    30 |       |       ||    30
         Ring mail         |    34 |       |       ||    34
         Scale mail        |     9 |    62 |   103 ||   174
         Plate armour      |       |       |    96 ||    96
  Dodge: Dodged            |    76 |    48 |    74 ||   198

Table legend: (Time is in decaauts)
 A = Elapsed time spent in this place.
 B = Non-inter-level travel time spent in this place.
 C = Inter-level travel time spent in this place.
 D = Time resting spent in this place.
 E = Time spent auto-exploring this place.
 F = Levels seen in this place.
 G = Mean time per level.
                   A        B        C        D        E       F      G
               +--------+--------+--------+--------+--------+-----+--------+
         Total |   5039 |   4745 |    294 |    143 |   2763 |   8 |  629.9 |
       Dungeon |   5037 |   4743 |    294 |    143 |   2763 |   7 |  719.6 |
        Temple |      1 |      1 |      0 |      0 |      0 |   1 |    1.0 |
               +--------+--------+--------+--------+--------+-----+--------+

Top non-repeatable levels by time:
     D:5: 1228 daAuts
     D:4: 1194 daAuts
     D:6: 705 daAuts
     D:1: 674 daAuts
     D:3: 661 daAuts
     D:2: 529 daAuts
     D:7: 42 daAuts
  Temple: 1 daAuts
